 Dungeon Crawl Stone Soup version 0.29.0-4-gdea44cf6ec (webtiles) character file.

Game seed: 10572211719236641399

16315 qw the Cleaver (level 12, -1/95 HPs)
             Began as a Demonspawn Cinder Acolyte on Sept 8, 2022.
             Was a Believer of Okawaru.
             Slain by a fire elemental (7 damage)
             ... created by the fiery vengeance of Ignis
             ... on level 11 of the Dungeon.
             The game lasted 00:05:33 (11549 turns).

qw the Cleaver (Demonspawn Cinder Acolyte)         Turns: 11549, Time: 00:05:33

Health: -1/95      AC: 20    Str: 18    XL:     12   Next: 9%
Magic:  15/15      EV:  8    Int: 20    God:    Okawaru [**....]
Gold:   374        SH: 11    Dex: 10    Spells: 13/13 levels left

rFire   . . .      SeeInvis +   r - +1 war axe "Kyonk" {flame, rElec rF++ Will+ Stlth-}
rCold   . . .      Faith    .   a - +0 buckler
rNeg    . . .      Spirit   .   m - +2 plate armour
rPois   .          Reflect  +   l - +2 helmet
rElec   +          Harm     .   (no cloak)
rCorr   .          Rampage  .   (no gloves)
Will    +....                   (no boots)
Stlth   ..........              d - amulet of reflection
HPRegen 0.25/turn               q - ring of see invisible
MPRegen 0.14/turn               c - +4 ring of slaying {mikee}

@: heroic, fire susceptible
A: powered by death 2, spiny 1, big brain 2, weakness stinger 2
a: Renounce Religion, Heroism


You were on level 11 of the Dungeon.
You worshipped Okawaru.
Okawaru was pleased with you.
You visited 2 branches of the dungeon, and saw 12 of its levels.
You also visited: Ossuary.

You collected 802 gold pieces.
You spent 428 gold pieces at shops.


Innate Abilities, Weirdness & Mutations

You regenerate health from kills.
You are partially covered in sharp spines.
You have an extremely huge brain. (Int +4)
You have a tail ending in a sharp stinger.


   Skills:
 - Level 9.0(14.0) Fighting
 + Level 13.7(18.7) Axes
 - Level 7.0(12.0) Armour
 - Level 2.5(7.5) Dodging
 - Level 5.0(10.0) Shields
 - Level 1.0 Spellcasting
 - Level 2.6 Fire Magic
 - Level 4.0 Invocations


You had 13 spell levels left.
You didn't know any spells.
Your spell library contained the following spells:

 Spells                   Type           Power      Damage    Failure   Level
 Scorch                   Fire           22%        2d6       89%         2

Inventory:

Hand Weapons
 r - the +1 war axe "Kyonk" (weapon) {flame, rElec rF++ Will+ Stlth-}
   (You found it on level 5 of the Dungeon)

   It burns those it strikes, dealing additional fire damage.
   Big, fiery blades are also staple armaments of hydra-hunters.
   rF:        It greatly protects you from fire.
   rElec:     It insulates you from electricity.
   Will:      It increases your willpower.
   Stlth:     It makes you less stealthy.
Armour
 a - a +0 buckler (worn)
 l - a +2 helmet (worn)
 m - a +2 plate armour (worn)
Jewellery
 c - a +4 ring of slaying (right hand) {mikee}
 d - an amulet of reflection (around neck)
 h - a +6 ring of strength
 q - a ring of see invisible (left hand)
Scrolls
 k - 2 scrolls of enchant weapon
 n - 5 scrolls of identify
Potions
 b - a potion of cancellation
 g - 5 potions of might
 i - a potion of haste
 j - 8 potions of curing
 p - a potion of mutation
 s - a potion of resistance

Dungeon Overview and Level Annotations

Branches:
Dungeon (11/15)            Temple (1/1) D:5            Lair (0/5) D:11
    Orc (0/2) D:10        Ossuary (visited)

Altars:
Ashenzari
Cheibriados
Dithmenos
Fedhas
Hepliaklqana
Kikubaaqudgha
Makhleb
Nemelex Xobeh
Okawaru
Qazlal
Ru
Sif Muna
Trog
Uskayaw
Vehumet
Xom
Yredelemnul

Shops:
D:3 ?[*(   D:4 !   D:6 =   D:9 *


Message History

You block the fire elemental's attack.
The fire elemental is struck by your spines.
The fire elemental hits you. The fire elemental burns you!
You closely miss the fire elemental.
Your tail-slap misses the fire elemental.
The fire elemental is almost destroyed.
You feel yourself speed up. The fire elemental hits you.
The fire elemental burns you!
You hit the fire elemental.
You destroy the fire elemental!
That felt strangely unrewarding.
You start resting. "Betrayer!
Apostate!
Perish!" 3 fire elementals come into view.
You hit the fire elemental.
You tail-slap the fire elemental, but do no damage.
The fire elemental is lightly damaged.
You barely miss the fire elemental. You hit the fire elemental.
You hit the fire elemental.
The fire elemental is moderately damaged.
You hit the fire elemental. You slash the fire elemental!
You slice the fire elemental!!
You destroy the fire elemental!
That felt strangely unrewarding.
You hit the fire elemental but do no damage.
You hit the fire elemental.
The fire elemental is struck by your spines.
The fire elemental hits you. The fire elemental burns you!
The fire elemental hits you. The fire elemental burns you!
You slash the fire elemental!
The fire elemental is almost destroyed.
You slash the fire elemental! The fire elemental hits you.
The fire elemental burns you! The fire elemental hits you.
The fire elemental burns you!
You barely miss the fire elemental.
The fire elemental is almost destroyed.
You closely miss the fire elemental.
The fire elemental is struck by your spines.
The fire elemental hits you. The fire elemental burns you!
You die...

#..........# #..###
#..........# #.....
#..........######.....
#.....................
#.....................
#.....................
#.......^.............
#.....E......¤...¤¤...
#....@.>.....#.#.¤....
#.....E......¤¤¤¤¤¤...
#............#¤#......
#............¤........
#.....................
#..........###........
#..........# ####.....
#..........######.....
..........).......>..


You could see 2 fire elementals.

Vanquished Creatures
  A boulder beetle (D:11)
  A two-headed ogre (D:9)
  Amaemon (D:8)
  3 skeletal warriors (D:11)
  Pikel (D:6)
  Joseph (D:7)
  An orange demon (D:8)
  3 kobold demonologists
  3 trolls
  Grinder (D:3)
  A centaur simulacrum (D:11)
  A vampire (D:7)
  A wyvern (D:11)
  6 fire elementals (D:11)
  21 yaks
  A steam dragon (D:7)
  Menkaure (D:5)
  2 vampire mosquitoes (D:10)
  An acid dragon (D:10)
  3 water moccasins
  An ice beast (D:11)
  6 orc warriors
  4 black bears
  3 sky beasts
  2 centaurs
  A phantom (D:7)
  2 necrophages
  2 bullfrogs
  7 kobold brigands
  15 scorpions
  4 gnoll sergeants
  12 wights
  12 killer bees
  3 howler monkeys
  3 electric eels (D:9)
  2 centaur zombies (Ossuary)
  A human zombie (Ossuary)
  A jelly (D:5)
  2 orc priests
  2 gnoll boudas (D:7)
  3 hounds
  An iguana (D:5)
  4 scorpion zombies (Ossuary)
  5 orc wizards
  3 mummies (Ossuary)
  Robin (D:3)
  23 gnolls
  11 adders
  A shadow imp (D:7)
  7 white imps
  2 ufetubi (D:11)
  2 worms
  3 dart slugs
  25 orcs
  8 endoplasms
  2 giant cockroaches (D:2)
  12 goblins
  8 hobgoblins
  9 jackals
  24 kobolds
  9 quokkas
  5 ball pythons
  7 bats
  5 frilled lizards
  A gnoll zombie (Ossuary)
  A goblin skeleton (D:4)
  4 goblin zombies
  6 hobgoblin zombies
  2 kobold skeletons (D:4)
  2 kobold zombies (D:4)
  2 orc zombies (Ossuary)
  22 rats
359 creatures vanquished.

Vanquished Creatures (others)
  A gnoll (D:9)
  A butterfly (D:3)
  65 plants
67 creatures vanquished.

Grand Total: 426 creatures vanquished

Notes
Turn   | Place    | Note
-------+----------+-------------------------------------------
     0 | D:1      | qw the Demonspawn Cinder Acolyte began the quest for the
                  | Orb.
     0 | D:1      | Reached XP level 1. HP: 18/18 MP: 2/2
     0 | D:1      | 0 ||| qw: Version: 0.1-a-112-g44dc6cd
     0 | D:1      | 0 ||| qw: Game counter: 6758
     0 | D:1      | 0 ||| qw: Always use a shield: true
     0 | D:1      | 0 ||| qw: God list: Okawaru
     0 | D:1      | 0 ||| qw: Allow faded altars: false
     0 | D:1      | 0 ||| qw: Do Orc after D:15 true
     0 | D:1      | 0 ||| qw: Do second Lair branch before Depths: true
     0 | D:1      | 0 ||| qw: Lair rune preference: random
     0 | D:1      | 0 ||| qw: Plans: Normal
     0 | D:1      | 0 ||| PLANNING D:1-11
   197 | D:1      | Reached skill level 3 in Axes
   360 | D:1      | 360 ||| INVOKING Fiery Armour.
   363 | D:1      | Gained mutation: You are partially covered in sharp spines.
                  | [demonic ancestry]
   363 | D:1      | Reached XP level 2. HP: 13/24 MP: 3/3
   833 | D:1      | 833 ||| UPGRADING to +0 ring mail.
   843 | D:1      | 843 ||| DROPPING +0 robe.
   844 | D:1      | 844 ||| READING scroll labelled WIENUA NIMPAO.
   845 | D:1      | 845 ||| READING scroll labelled ESTRUX FUMMEPRO.
   846 | D:1      | 846 ||| DRINKING 2 fizzy yellow potions.
   874 | D:2      | 874 ||| Stepping ~*~*~tactically~*~*~ (stealth).
   875 | D:2      | 875 ||| Stepping ~*~*~tactically~*~*~ (stealth).
   876 | D:2      | 876 ||| Stepping ~*~*~tactically~*~*~ (stealth).
   961 | D:2      | 961 ||| Stepping ~*~*~tactically~*~*~ (stealth).
   999 | D:2      | Gained mutation: You have an unusually large brain. (Int
                  | +2) [demonic ancestry]
   999 | D:2      | Reached XP level 3. HP: 29/29 MP: 4/4
  1027 | D:2      | 1027 ||| DRINKING 2 silvery potions.
  1028 | D:2      | 1028 ||| Stepping randomly (stuck).
  1030 | D:2      | 1030 ||| Stepping randomly (stuck).
  1032 | D:2      | 1032 ||| Stepping randomly (stuck).
  1033 | D:2      | 1033 ||| Stepping randomly (stuck).
  1034 | D:2      | 1034 ||| Stepping randomly (stuck).
  1036 | D:2      | 1036 ||| Stepping randomly (stuck).
  1037 | D:2      | 1037 ||| Stepping randomly (stuck).
  1038 | D:2      | 1038 ||| Stepping randomly (stuck).
  1039 | D:2      | 1039 ||| Stepping randomly (stuck).
  1040 | D:2      | 1040 ||| Stepping randomly (stuck).
  1041 | D:2      | 1041 ||| Stepping randomly (stuck).
  1042 | D:2      | 1042 ||| Stepping randomly (stuck).
  1043 | D:2      | 1043 ||| Stepping randomly (stuck).
  1044 | D:2      | 1044 ||| Stepping randomly (stuck).
  1045 | D:2      | 1045 ||| Stepping randomly (stuck).
  1046 | D:2      | 1046 ||| Stepping randomly (stuck).
  1047 | D:2      | 1047 ||| Stepping randomly (stuck).
  1048 | D:2      | 1048 ||| Stepping randomly (stuck).
  1049 | D:2      | 1049 ||| Stepping randomly (stuck).
  1050 | D:2      | 1050 ||| Stepping randomly (stuck).
  1051 | D:2      | 1051 ||| Stepping randomly (stuck).
  1052 | D:2      | 1052 ||| Stepping randomly (stuck).
  1053 | D:2      | 1053 ||| Stepping randomly (stuck).
  1054 | D:2      | 1054 ||| Stepping randomly (stuck).
  1056 | D:2      | 1056 ||| Stepping randomly (stuck).
  1058 | D:2      | 1058 ||| Stepping randomly (stuck).
  1060 | D:2      | 1060 ||| Stepping randomly (stuck).
  1061 | D:2      | 1061 ||| Stepping randomly (stuck).
  1062 | D:2      | 1062 ||| Stepping randomly (stuck).
  1064 | D:2      | 1064 ||| Stepping randomly (stuck).
  1066 | D:2      | 1066 ||| Stepping randomly (stuck).
  1068 | D:2      | 1068 ||| Stepping randomly (stuck).
  1070 | D:2      | 1070 ||| Stepping randomly (stuck).
  1071 | D:2      | 1071 ||| Stepping randomly (stuck).
  1072 | D:2      | 1072 ||| Stepping randomly (stuck).
  1074 | D:2      | 1074 ||| Stepping randomly (stuck).
  1076 | D:2      | 1076 ||| Stepping randomly (stuck).
  1078 | D:2      | 1078 ||| Stepping randomly (stuck).
  1079 | D:2      | 1079 ||| Stepping randomly (stuck).
  1080 | D:2      | 1080 ||| Stepping randomly (stuck).
  1082 | D:2      | 1082 ||| Stepping randomly (stuck).
  1083 | D:2      | 1083 ||| Stepping randomly (stuck).
  1084 | D:2      | 1084 ||| Stepping randomly (stuck).
  1085 | D:2      | 1085 ||| Stepping randomly (stuck).
  1086 | D:2      | 1086 ||| Stepping randomly (stuck).
  1087 | D:2      | 1087 ||| Stepping randomly (stuck).
  1088 | D:2      | 1088 ||| Stepping randomly (stuck).
  1089 | D:2      | 1089 ||| Stepping randomly (stuck).
  1090 | D:2      | 1090 ||| Stepping randomly (stuck).
  1091 | D:2      | 1091 ||| Stepping randomly (stuck).
  1092 | D:2      | 1092 ||| Stepping randomly (stuck).
  1093 | D:2      | 1093 ||| Stepping randomly (stuck).
  1094 | D:2      | 1094 ||| Stepping randomly (stuck).
  1096 | D:2      | 1096 ||| Stepping randomly (stuck).
  1098 | D:2      | 1098 ||| Stepping randomly (stuck).
  1100 | D:2      | 1100 ||| Stepping randomly (stuck).
  1102 | D:2      | 1102 ||| Stepping randomly (stuck).
  1104 | D:2      | 1104 ||| Stepping randomly (stuck).
  1106 | D:2      | 1106 ||| Stepping randomly (stuck).
  1108 | D:2      | 1108 ||| Stepping randomly (stuck).
  1110 | D:2      | 1110 ||| Stepping randomly (stuck).
  1111 | D:2      | 1111 ||| Stepping randomly (stuck).
  1112 | D:2      | 1112 ||| Stepping randomly (stuck).
  1113 | D:2      | 1113 ||| Stepping randomly (stuck).
  1114 | D:2      | 1114 ||| Stepping randomly (stuck).
  1116 | D:2      | 1116 ||| Stepping randomly (stuck).
  1117 | D:2      | 1117 ||| Stepping randomly (stuck).
  1118 | D:2      | 1118 ||| Stepping randomly (stuck).
  1119 | D:2      | 1119 ||| Stepping randomly (stuck).
  1120 | D:2      | 1120 ||| Stepping randomly (stuck).
  1121 | D:2      | 1121 ||| Stepping randomly (stuck).
  1122 | D:2      | 1122 ||| Stepping randomly (stuck).
  1124 | D:2      | 1124 ||| Stepping randomly (stuck).
  1126 | D:2      | 1126 ||| Stepping randomly (stuck).
  1128 | D:2      | 1128 ||| Stepping randomly (stuck).
  1130 | D:2      | 1130 ||| Stepping randomly (stuck).
  1132 | D:2      | 1132 ||| Stepping randomly (stuck).
  1134 | D:2      | 1134 ||| Stepping randomly (stuck).
  1135 | D:2      | 1135 ||| Stepping randomly (stuck).
  1136 | D:2      | 1136 ||| Stepping randomly (stuck).
  1138 | D:2      | 1138 ||| Stepping randomly (stuck).
  1140 | D:2      | 1140 ||| Stepping randomly (stuck).
  1142 | D:2      | 1142 ||| Stepping randomly (stuck).
  1144 | D:2      | 1144 ||| Stepping randomly (stuck).
  1145 | D:2      | 1145 ||| Stepping randomly (stuck).
  1146 | D:2      | 1146 ||| Stepping randomly (stuck).
  1147 | D:2      | 1147 ||| Stepping randomly (stuck).
  1148 | D:2      | 1148 ||| Stepping randomly (stuck).
  1149 | D:2      | 1149 ||| Stepping randomly (stuck).
  1150 | D:2      | 1150 ||| Stepping randomly (stuck).
  1152 | D:2      | 1152 ||| Stepping randomly (stuck).
  1154 | D:2      | 1154 ||| Stepping randomly (stuck).
  1155 | D:2      | 1155 ||| Stepping randomly (stuck).
  1156 | D:2      | 1156 ||| Stepping randomly (stuck).
  1158 | D:2      | 1158 ||| Stepping randomly (stuck).
  1159 | D:2      | 1159 ||| Stepping randomly (stuck).
  1160 | D:2      | 1160 ||| Stepping randomly (stuck).
  1161 | D:2      | 1161 ||| Stepping randomly (stuck).
  1162 | D:2      | 1162 ||| Stepping randomly (stuck).
  1163 | D:2      | 1163 ||| Stepping randomly (stuck).
  1164 | D:2      | 1164 ||| Stepping randomly (stuck).
  1165 | D:2      | 1165 ||| Stepping randomly (stuck).
  1166 | D:2      | 1166 ||| Stepping randomly (stuck).
  1167 | D:2      | 1167 ||| Stepping randomly (stuck).
  1168 | D:2      | 1168 ||| Stepping randomly (stuck).
  1169 | D:2      | 1169 ||| Stepping randomly (stuck).
  1170 | D:2      | 1170 ||| Stepping randomly (stuck).
  1188 | D:2      | Reached skill level 4 in Axes
  1341 | D:2      | 1341 ||| Stepping ~*~*~tactically~*~*~ (stealth).
  1344 | D:2      | 1344 ||| Stepping ~*~*~tactically~*~*~ (stealth).
  1477 | D:2      | 1477 ||| FLEEEEING.
  1478 | D:2      | 1478 ||| FLEEEEING.
  1594 | D:2      | Found a faded altar of an unknown god.
  1702 | D:2      | Gained mutation: You have a small tail. [demonic ancestry]
  1702 | D:2      | Reached XP level 4. HP: 35/35 MP: 5/5
  1771 | D:2      | Reached skill level 1 in Dodging
  2121 | D:2      | 2121 ||| UPGRADING to +0 ring mail of willpower.
  2146 | D:2      | 2146 ||| UPGRADING to +0 ring mail of willpower.
  2151 | D:2      | 2151 ||| DROPPING +0 ring mail.
  2152 | D:2      | 2152 ||| READING scroll labelled CIATOR JUKHAAGACH.
  2153 | D:2      | 2153 ||| READING scroll labelled FUACEOMOUM.
  2157 | D:2      | 2157 ||| READING scroll labelled BAPUIT MOGURPH.
  2158 | D:2      | 2158 ||| DRINKING 2 black potions.
  2300 | D:3      | Found Yshoeh's Weapon Emporium.
  2320 | D:3      | 2320 ||| Stepping ~*~*~tactically~*~*~ (stealth).
  2321 | D:3      | 2321 ||| Stepping ~*~*~tactically~*~*~ (stealth).
  2330 | D:3      | Noticed Robin
  2331 | D:3      | 2331 ||| Stepping ~*~*~tactically~*~*~ (stealth).
  2336 | D:3      | 2336 ||| Stepping ~*~*~tactically~*~*~ (stealth).
  2337 | D:3      | 2337 ||| Stepping ~*~*~tactically~*~*~ (stealth).
  2411 | D:3      | You fall into a shaft and drop 1 floor!
  2411 | D:4      | Found Wuwau's Distillery.
  2414 | D:4      | 2414 ||| BUYING potion of curing (42 gold).
  2414 | D:4      | Bought a potion of curing for 42 gold pieces
  2414 | D:4      | 2414 ||| BUYING potion of heal wounds (70 gold).
  2414 | D:4      | Bought a potion of heal wounds for 70 gold pieces
  2414 | D:4      | 2414 ||| SHOPLISTING potion of heal wounds (70 gold, have
                  | 26).
  2456 | D:4      | Reached skill level 5 in Axes
  2457 | D:4      | 2457 ||| Stepping ~*~*~tactically~*~*~ (stealth).
  2458 | D:4      | 2458 ||| Stepping ~*~*~tactically~*~*~ (stealth).
  2475 | D:4      | 2475 ||| Stepping ~*~*~tactically~*~*~ (hiding).
  2482 | D:4      | Gained mutation: You have an extremely huge brain. (Int +4)
                  | [demonic ancestry]
  2482 | D:4      | Reached XP level 5. HP: 35/41 MP: 6/6
  2497 | D:4      | 2497 ||| Stepping ~*~*~tactically~*~*~ (stealth).
  2498 | D:4      | 2498 ||| Stepping ~*~*~tactically~*~*~ (stealth).
  2503 | D:4      | 2503 ||| INVOKING Fiery Armour.
  2513 | D:4      | 2513 ||| Stepping ~*~*~tactically~*~*~ (stealth).
  2546 | D:4      | 2546 ||| Stepping ~*~*~tactically~*~*~ (stealth).
  2547 | D:4      | 2547 ||| Stepping ~*~*~tactically~*~*~ (stealth).
  2548 | D:4      | 2548 ||| Stepping ~*~*~tactically~*~*~ (stealth).
  2549 | D:4      | 2549 ||| Stepping ~*~*~tactically~*~*~ (stealth).
  2736 | D:4      | 2736 ||| UPGRADING to +6 ring of strength.
  2737 | D:4      | 2737 ||| READING scroll labelled POSHRI POMON.
  2738 | D:4      | 2738 ||| READING scroll labelled WEMMOF WUFOTS.
  2742 | D:4      | 2742 ||| Stepping ~*~*~tactically~*~*~ (stealth).
  2755 | D:4      | 2755 ||| Stepping ~*~*~tactically~*~*~ (stealth).
  2769 | D:4      | Reached skill level 6 in Axes
  2779 | D:4      | Reached XP level 6. HP: 47/47 MP: 7/7
  2944 | D:3      | Found Seqyox's Magic Scroll Boutique.
  2954 | D:3      | 2954 ||| BUYING scroll of identify (22 gold).
  2954 | D:3      | Bought a scroll of identify for 22 gold pieces
  2954 | D:3      | 2954 ||| BUYING scroll of identify (22 gold).
  2954 | D:3      | Bought a scroll of identify for 22 gold pieces
  2954 | D:3      | 2954 ||| BUYING scroll of identify (22 gold).
  2954 | D:3      | Bought a scroll of identify for 22 gold pieces
  2954 | D:3      | 2954 ||| SHOPLISTING scroll of teleportation (33 gold, have
                  | 29).
  2961 | D:3      | Found Muhual's Armour Emporium.
  2970 | D:3      | Found Omeus's Assorted Antiques.
  2976 | D:3      | 2976 ||| READING scroll of enchant weapon.
  2976 | D:3      | 2976 ||| ENCHANTING +0 hand axe of flaming.
  2978 | D:3      | 2978 ||| SHOPLISTING +0 chain mail (49 gold, have 29).
  2978 | D:3      | 2978 ||| SHOPLISTING +0 pair of gloves (49 gold, have 29).
  2978 | D:3      | 2978 ||| SHOPLISTING +1 troll leather armour of Dishonour
                  | {rPois Regen+ rCorr Dex+3} (474 gold, have 29).
  2978 | D:3      | 2978 ||| SHOPLISTING +3 chain mail of cold resistance (291
                  | gold, have 29).
  2978 | D:3      | 2978 ||| SHOPLISTING +4 chain mail of willpower (346 gold,
                  | have 29).
  2981 | D:3      | 2981 ||| SHOPLISTING plate armour (437 gold, have 29).
  2981 | D:3      | 2981 ||| SHOPLISTING potion of curing (57 gold, have 29).
  2981 | D:3      | 2981 ||| SHOPLISTING scroll of teleportation (57 gold, have
                  | 29).
  2998 | D:3      | Noticed Grinder
  3000 | D:3      | 3000 ||| Stepping ~*~*~tactically~*~*~ (hiding).
  3001 | D:3      | 3001 ||| Stepping ~*~*~tactically~*~*~ (hiding).
  3002 | D:3      | 3002 ||| Stepping ~*~*~tactically~*~*~ (hiding).
  3004 | D:3      | 3004 ||| INVOKING Fiery Armour.
  3006 | D:3      | Reached skill level 1 in Armour
  3012 | D:3      | Killed Robin
  3013 | D:3      | Killed Grinder
  3337 | D:3      | 3337 ||| INVOKING Fiery Armour.
  3350 | D:3      | Gained mutation: You regenerate a little health from kills.
                  | [demonic ancestry]
  3350 | D:3      | Reached XP level 7. HP: 53/55 MP: 8/8
  3377 | D:3      | 3377 ||| UPGRADING to +2 scale mail of willpower.
  3387 | D:3      | 3387 ||| DROPPING +0 ring mail of willpower.
  3388 | D:3      | 3388 ||| DROPPING +0 scale mail.
  3389 | D:3      | 3389 ||| UPGRADING to +0 helmet.
  3394 | D:3      | 3394 ||| READING scroll labelled UGOISYITHRE.
  3395 | D:3      | 3395 ||| READING 5 scrolls of identify.
  3395 | D:3      | 3395 ||| IDENTIFYING amethyst potion
  3396 | D:3      | 3396 ||| READING 4 scrolls of identify.
  3396 | D:3      | 3396 ||| IDENTIFYING sedimented clear potion
  3397 | D:3      | 3397 ||| READING 3 scrolls of identify.
  3397 | D:3      | 3397 ||| IDENTIFYING puce potion
  3398 | D:3      | 3398 ||| READING 2 scrolls of identify.
  3398 | D:3      | 3398 ||| IDENTIFYING smoky coppery potion
  3399 | D:3      | 3399 ||| DROPPING potion of degeneration.
  3400 | D:3      | 3400 ||| DROPPING potion of lignification.
  3401 | D:3      | 3401 ||| DROPPING potion of invisibility.
  3402 | D:3      | 3402 ||| DROPPING potion of attraction.
  3451 | D:4      | 3451 ||| Stepping ~*~*~tactically~*~*~ (stealth).
  3575 | D:4      | Found a basalt altar of Yredelemnul.
  3575 | D:4      | Found a faded altar of an unknown god.
  3589 | D:4      | Found a hide-covered altar of Uskayaw.
  3591 | D:4      | Found a faded altar of an unknown god.
  3594 | D:4      | Found a bloodstained altar of Trog.
  3622 | D:4      | Found a shimmering blue altar of Sif Muna.
  3904 | D:4      | Found a broken altar of Ashenzari.
  4025 | D:4      | 4025 ||| UPGRADING to amulet of reflection.
  4030 | D:4      | 4030 ||| UPGRADING to +4 ring of slaying {mikee}.
  4031 | D:4      | 4031 ||| READING 3 scrolls of identify.
  4031 | D:4      | 4031 ||| IDENTIFYING yellow potion
  4032 | D:4      | 4032 ||| READING 2 scrolls of identify.
  4032 | D:4      | 4032 ||| IDENTIFYING viscous coppery potion
  4033 | D:4      | 4033 ||| DROPPING potion of ambrosia.
  4049 | D:5      | Entered Level 5 of the Dungeon
  4171 | D:5      | 4171 ||| FLEEEEING.
  4172 | D:5      | 4172 ||| FLEEEEING.
  4173 | D:5      | 4173 ||| FLEEEEING.
  4174 | D:5      | 4174 ||| FLEEEEING.
  4175 | D:5      | 4175 ||| FLEEEEING.
  4176 | D:5      | 4176 ||| FLEEEEING.
  4177 | D:5      | 4177 ||| FLEEEEING.
  4178 | D:5      | 4178 ||| FLEEEEING.
  4179 | D:5      | 4179 ||| FLEEEEING.
  4180 | D:5      | 4180 ||| FLEEEEING.
  4181 | D:5      | 4181 ||| FLEEEEING.
  4182 | D:5      | 4182 ||| FLEEEEING.
  4183 | D:5      | 4183 ||| FLEEEEING.
  4184 | D:5      | 4184 ||| FLEEEEING.
  4185 | D:5      | 4185 ||| FLEEEEING.
  4186 | D:5      | 4186 ||| FLEEEEING.
  4187 | D:5      | 4187 ||| FLEEEEING.
  4188 | D:5      | 4188 ||| FLEEEEING.
  4189 | D:5      | 4189 ||| FLEEEEING.
  4190 | D:5      | 4190 ||| FLEEEEING.
  4191 | D:5      | 4191 ||| FLEEEEING.
  4192 | D:5      | 4192 ||| FLEEEEING.
  4193 | D:5      | 4193 ||| FLEEEEING.
  4194 | D:5      | 4194 ||| FLEEEEING.
  4195 | D:5      | 4195 ||| FLEEEEING.
  4196 | D:5      | 4196 ||| FLEEEEING.
  4197 | D:5      | 4197 ||| FLEEEEING.
  4198 | D:5      | 4198 ||| FLEEEEING.
  4199 | D:5      | 4199 ||| FLEEEEING.
  4202 | D:5      | 4202 ||| INVOKING Fiery Armour.
  4204 | D:5      | Reached skill level 7 in Axes
  4204 | D:5      | 4204 ||| FLEEEEING.
  4205 | D:5      | 4205 ||| FLEEEEING.
  4206 | D:5      | 4206 ||| FLEEEEING.
  4207 | D:5      | 4207 ||| FLEEEEING.
  4208 | D:5      | 4208 ||| FLEEEEING.
  4209 | D:5      | 4209 ||| FLEEEEING.
  4210 | D:5      | 4210 ||| FLEEEEING.
  4211 | D:5      | 4211 ||| FLEEEEING.
  4212 | D:5      | 4212 ||| FLEEEEING.
  4213 | D:5      | 4213 ||| FLEEEEING.
  4214 | D:5      | 4214 ||| FLEEEEING.
  4215 | D:5      | 4215 ||| FLEEEEING.
  4217 | D:5      | 4217 ||| FLEEEEING.
  4364 | D:5      | 4364 ||| SWAPPING to +0 war axe.
  4543 | D:5      | Gained mutation: You regenerate health from kills. [demonic
                  | ancestry]
  4543 | D:5      | Reached XP level 8. HP: 61/61 MP: 9/9
  4560 | D:5      | Reached skill level 8 in Axes
  4593 | D:5      | Noticed Menkaure
  4594 | D:5      | 4594 ||| FLEEEEING.
  4595 | D:5      | 4595 ||| FLEEEEING.
  4596 | D:5      | 4596 ||| FLEEEEING.
  4599 | D:5      | 4599 ||| FLEEEEING.
  4600 | D:5      | 4600 ||| FLEEEEING.
  4601 | D:5      | 4601 ||| FLEEEEING.
  4602 | D:5      | 4602 ||| FLEEEEING.
  4603 | D:5      | 4603 ||| FLEEEEING.
  4604 | D:5      | 4604 ||| FLEEEEING.
  4605 | D:5      | 4605 ||| FLEEEEING.
  4606 | D:5      | 4606 ||| FLEEEEING.
  4607 | D:5      | 4607 ||| FLEEEEING.
  4620 | D:5      | 4620 ||| FLEEEEING.
  4621 | D:5      | 4621 ||| FLEEEEING.
  4809 | D:5      | 4809 ||| READING scroll of enchant armour.
  4809 | D:5      | 4809 ||| ENCHANTING +0 helmet.
  4840 | D:5      | 4840 ||| Stepping ~*~*~tactically~*~*~ (stealth).
  4844 | D:5      | Found a staircase to the Ecumenical Temple.
  4848 | D:5      | Killed Menkaure
  4920 | D:5      | 4920 ||| DROPPING +0 vorpal hand axe.
  5241 | D:5      | Identified the +1 war axe "Kyonk" {flame, rElec rF++ Will+
                  | Stlth-}
  5243 | D:5      | 5243 ||| SWAPPING to +1 war axe "Kyonk" {flame, rElec rF++
                  | Will+ Stlth-}.
  5244 | D:5      | 5244 ||| DROPPING +0 war axe.
  5245 | D:5      | 5245 ||| DROPPING +1 hand axe of flaming.
  5495 | D:5      | 5495 ||| DROPPING ring of magical power.
  5496 | D:5      | 5496 ||| READING 4 scrolls of identify.
  5496 | D:5      | 5496 ||| IDENTIFYING blue potion
  5497 | D:5      | 5497 ||| READING 3 scrolls of identify.
  5497 | D:5      | 5497 ||| IDENTIFYING fuming inky potion
  5498 | D:5      | 5498 ||| READING 2 scrolls of identify.
  5498 | D:5      | 5498 ||| IDENTIFYING ruby potion
  5499 | D:5      | 5499 ||| DROPPING potion of flight.
  5500 | D:5      | 5500 ||| DROPPING potion of brilliance.
  5528 | D:6      | 5528 ||| PLANNING OSSUARY
  5566 | D:6      | 5566 ||| Stepping ~*~*~tactically~*~*~ (hiding).
  5568 | D:6      | 5568 ||| Stepping ~*~*~tactically~*~*~ (hiding).
  5573 | D:6      | 5573 ||| Stepping ~*~*~tactically~*~*~ (hiding).
  5582 | D:6      | 5582 ||| Stepping ~*~*~tactically~*~*~ (stealth).
  5615 | D:6      | 5615 ||| FLEEEEING.
  5640 | D:6      | 5640 ||| Stepping ~*~*~tactically~*~*~ (hiding).
  5646 | D:6      | Reached skill level 9 in Axes
  5750 | D:6      | 5750 ||| Stepping ~*~*~tactically~*~*~ (hiding).
  5858 | D:6      | Found Exelah's Jewellery Shoppe.
  5863 | D:6      | 5863 ||| Stepping ~*~*~tactically~*~*~ (hiding).
  5873 | D:6      | Reached skill level 6 in Fighting
  5883 | D:6      | 5883 ||| SHOPLISTING ring "Vaistryla" {+Blink rC+ Will+
                  | Int+6 Dex+2} (734 gold, have 197).
  5883 | D:6      | 5883 ||| SHOPLISTING ring "Xoven" {rN++ AC+4 Dex-4 SInv
                  | Stlth+} (573 gold, have 197).
  5883 | D:6      | 5883 ||| SHOPLISTING ring of poison resistance (220 gold,
                  | have 197).
  5883 | D:6      | 5883 ||| BUYING ring of see invisible (165 gold).
  5883 | D:6      | Bought a ring of see invisible for 165 gold pieces
  5905 | D:6      | Reached XP level 9. HP: 61/69 MP: 10/10
  6087 | D:6      | Found a sand-covered staircase.
  6088 | D:6      | 6088 ||| UPGRADING to ring of see invisible.
  6090 | D:6      | 6090 ||| READING scroll labelled BALAHE LUOLI.
  6091 | D:6      | 6091 ||| READING scroll labelled FEURUU BOGHIVUPS.
  6098 | Ossuary  | Entered an ossuary
  6290 | Ossuary  | Reached skill level 10 in Axes
  6400 | Ossuary  | 6400 ||| DROPPING +6 ring of intelligence.
  6401 | Ossuary  | 6401 ||| READING 2 scrolls labelled SYQENT FYORI.
  6402 | Ossuary  | 6402 ||| READING scroll labelled XEANGY QUGAU.
  6403 | Ossuary  | 6403 ||| READING scroll labelled JEARGHIL IWUMI.
  6404 | Ossuary  | 6404 ||| DRINKING 2 fuming yellow potions.
  6405 | Ossuary  | 6405 ||| DROPPING scroll of poison.
  6458 | D:6      | 6458 ||| PLANNING D:1-11
  6698 | D:6      | Noticed a kobold demonologist
  6699 | D:6      | 6699 ||| Stepping ~*~*~tactically~*~*~ (stealth).
  6700 | D:6      | Noticed a hellwing
  6701 | D:6      | 6701 ||| INVOKING Fiery Armour.
  6717 | D:6      | Killed a kobold demonologist
  6718 | D:6      | Reached skill level 11 in Axes
  6928 | D:7      | Noticed Pikel
  6936 | D:7      | 6936 ||| STAIRDANCE
  6941 | D:6      | Killed Pikel
  6942 | D:6      | Reached XP level 10. HP: 74/79 MP: 11/11
  6998 | D:7      | 6998 ||| Stepping ~*~*~tactically~*~*~ (hiding).
  7001 | D:7      | 7001 ||| Stepping ~*~*~tactically~*~*~ (hiding).
  7067 | D:7      | 7067 ||| Stepping ~*~*~tactically~*~*~ (stealth).
  7073 | D:7      | 7073 ||| Stepping ~*~*~tactically~*~*~ (stealth).
  7080 | D:7      | 7080 ||| Stepping ~*~*~tactically~*~*~ (stealth).
  7117 | D:7      | Noticed Joseph
  7119 | D:7      | 7119 ||| FLEEEEING.
  7120 | D:7      | 7120 ||| FLEEEEING.
  7121 | D:7      | 7121 ||| FLEEEEING.
  7122 | D:7      | 7122 ||| FLEEEEING.
  7123 | D:7      | 7123 ||| FLEEEEING.
  7124 | D:7      | 7124 ||| FLEEEEING.
  7125 | D:7      | 7125 ||| FLEEEEING.
  7126 | D:7      | 7126 ||| FLEEEEING.
  7127 | D:7      | 7127 ||| FLEEEEING.
  7128 | D:7      | 7128 ||| FLEEEEING.
  7129 | D:7      | 7129 ||| FLEEEEING.
  7130 | D:7      | 7130 ||| FLEEEEING.
  7131 | D:7      | 7131 ||| FLEEEEING.
  7132 | D:7      | 7132 ||| FLEEEEING.
  7133 | D:7      | 7133 ||| FLEEEEING.
  7134 | D:7      | 7134 ||| FLEEEEING.
  7135 | D:7      | 7135 ||| FLEEEEING.
  7136 | D:7      | 7136 ||| FLEEEEING.
  7137 | D:7      | 7137 ||| FLEEEEING.
  7138 | D:7      | 7138 ||| FLEEEEING.
  7139 | D:7      | 7139 ||| FLEEEEING.
  7140 | D:7      | 7140 ||| FLEEEEING.
  7141 | D:7      | 7141 ||| FLEEEEING.
  7142 | D:7      | 7142 ||| FLEEEEING.
  7153 | D:7      | 7153 ||| Stepping ~*~*~tactically~*~*~ (hiding).
  7155 | D:7      | 7155 ||| DRINKING 5 potions of curing.
  7155 | D:7      | 7155 ||| (to cure confusion)
  7161 | D:7      | 7161 ||| INVOKING Fiery Armour.
  7166 | D:7      | Killed Joseph
  7183 | D:7      | 7183 ||| FLEEEEING.
  7184 | D:7      | 7184 ||| FLEEEEING.
  7185 | D:7      | 7185 ||| FLEEEEING.
  7186 | D:7      | 7186 ||| FLEEEEING.
  7187 | D:7      | 7187 ||| FLEEEEING.
  7188 | D:7      | 7188 ||| FLEEEEING.
  7189 | D:7      | 7189 ||| FLEEEEING.
  7190 | D:7      | 7190 ||| FLEEEEING.
  7191 | D:7      | 7191 ||| FLEEEEING.
  7262 | D:7      | 7262 ||| Stepping ~*~*~tactically~*~*~ (hiding).
  7264 | D:7      | 7264 ||| Stepping ~*~*~tactically~*~*~ (stealth).
  7284 | D:7      | 7284 ||| Stepping ~*~*~tactically~*~*~ (stealth).
  7318 | D:7      | 7318 ||| INVOKING Fiery Armour.
  7573 | D:7      | 7573 ||| Stepping ~*~*~tactically~*~*~ (stealth).
  7575 | D:7      | 7575 ||| Stepping ~*~*~tactically~*~*~ (stealth).
  7586 | D:7      | 7586 ||| READING 3 scrolls of enchant armour.
  7586 | D:7      | 7586 ||| ENCHANTING +1 helmet.
  7596 | D:7      | Reached skill level 12 in Axes
  7771 | D:7      | 7771 ||| DROPPING +0 chain mail.
  7772 | D:7      | 7772 ||| UPGRADING to +0 plate armour.
  7782 | D:7      | 7782 ||| DROPPING +2 scale mail of willpower.
  7783 | D:7      | 7783 ||| READING 2 scrolls of enchant armour.
  7783 | D:7      | 7783 ||| ENCHANTING +0 plate armour.
  7784 | D:7      | 7784 ||| READING scroll of enchant armour.
  7784 | D:7      | 7784 ||| ENCHANTING +1 plate armour.
  7799 | D:8      | 7799 ||| STAIRDANCE
  7811 | D:8      | 7811 ||| STAIRDANCE
  7914 | D:8      | Found a hazy altar of Hepliaklqana.
  8013 | D:8      | Noticed Amaemon
  8014 | D:8      | Noticed an orange demon
  8015 | D:8      | 8015 ||| Stepping ~*~*~tactically~*~*~ (hiding).
  8021 | D:8      | 8021 ||| Stepping ~*~*~tactically~*~*~ (hiding).
  8026 | D:8      | Killed an orange demon
  8033 | D:8      | 8033 ||| INVOKING Fiery Armour.
  8033 | D:8      | Killed Amaemon
  8036 | D:8      | HP: 18/80 [poisoned by Amaemon]
  8037 | D:8      | Reached skill level 6 in Armour
  8037 | D:8      | 8037 ||| READING 2 scrolls of teleportation.
  8038 | D:8      | 8038 ||| DRINKING 3 potions of heal wounds.
  8041 | D:8      | 8041 ||| DRINKING 2 potions of heal wounds.
  8329 | D:8      | 8329 ||| Stepping ~*~*~tactically~*~*~ (stealth).
  8344 | D:8      | 8344 ||| Stepping ~*~*~tactically~*~*~ (stealth).
  8417 | D:8      | 8417 ||| Stepping ~*~*~tactically~*~*~ (stealth).
  8418 | D:8      | 8418 ||| Stepping ~*~*~tactically~*~*~ (stealth).
  8419 | D:8      | 8419 ||| Stepping ~*~*~tactically~*~*~ (stealth).
  8431 | D:8      | Found a stormy altar of Qazlal.
  8628 | D:8      | 8628 ||| UPGRADING to +0 buckler.
  8650 | D:9      | 8650 ||| STAIRDANCE
  8706 | D:9      | 8706 ||| Stepping ~*~*~tactically~*~*~ (hiding).
  8718 | D:9      | 8718 ||| Stepping ~*~*~tactically~*~*~ (stealth).
  8723 | D:9      | Reached skill level 1 in Shields
  8723 | D:9      | Gained mutation: You have a tail ending in a sharp stinger.
                  | [demonic ancestry]
  8723 | D:9      | Reached XP level 11. HP: 85/86 MP: 12/12
  8845 | D:9      | Noticed a two-headed ogre
  8856 | D:9      | Killed a two-headed ogre
  8857 | D:9      | Reached skill level 3 in Shields
  8935 | D:9      | Found Jarudez's General Store.
  8966 | D:9      | 8966 ||| Stepping ~*~*~tactically~*~*~ (stealth).
  8993 | D:9      | 8993 ||| Stepping ~*~*~tactically~*~*~ (stealth).
  9004 | D:9      | 9004 ||| INVOKING Fiery Armour.
  9119 | D:9      | 9119 ||| Stepping ~*~*~tactically~*~*~ (stealth).
  9131 | D:9      | Noticed a sun demon
  9131 | D:9      | 9131 ||| Stepping ~*~*~tactically~*~*~ (stealth).
  9132 | D:9      | 9132 ||| INVOKING Fiery Armour.
  9236 | D:9      | Found a snail-covered altar of Cheibriados.
  9296 | D:9      | 9296 ||| INVOKING Fiery Armour.
  9326 | D:9      | Reached skill level 13 in Axes
  9421 | D:9      | 9421 ||| Stepping ~*~*~tactically~*~*~ (stealth).
  9475 | D:9      | 9475 ||| SHOPLISTING +4 plate armour of poison resistance
                  | (799 gold, have 386).
  9475 | D:9      | 9475 ||| BUYING potion of curing (51 gold).
  9475 | D:9      | Bought a potion of curing for 51 gold pieces
  9475 | D:9      | 9475 ||| BUYING scroll of identify (34 gold).
  9475 | D:9      | Bought a scroll of identify for 34 gold pieces
  9475 | D:9      | 9475 ||| READING 6 scrolls of identify.
  9475 | D:9      | 9475 ||| IDENTIFYING murky orange potion
  9476 | D:9      | 9476 ||| DROPPING potion of magic.
  9508 | D:10     | Entered Level 10 of the Dungeon
  9509 | D:10     | 9509 ||| INVOKING Fiery Armour.
  9525 | D:10     | Reached skill level 9 in Fighting
  9595 | D:10     | 9595 ||| PLANNING TEMPLE
  9625 | D:10     | 9625 ||| Stepping ~*~*~tactically~*~*~ (stealth).
  9628 | D:10     | 9628 ||| Stepping ~*~*~tactically~*~*~ (stealth).
  9629 | D:10     | 9629 ||| Stepping ~*~*~tactically~*~*~ (stealth).
  9692 | Temple   | Entered the Ecumenical Temple
  9777 | Temple   | 9777 ||| PLANNING CONVERSION TO OKAWARU
  9784 | Temple   | Fell from the grace of Ignis
  9784 | Temple   | Became a worshipper of Warmaster Okawaru
  9785 | Temple   | 9785 ||| PLANNING D:1-11
  9896 | D:10     | 9896 ||| Stepping ~*~*~tactically~*~*~ (stealth).
  9965 | D:10     | Found a staircase to the Orcish Mines.
  9967 | D:10     | 9967 ||| Stepping ~*~*~tactically~*~*~ (hiding).
 10092 | D:10     | 10092 ||| Stepping ~*~*~tactically~*~*~ (stealth).
 10093 | D:10     | 10093 ||| Stepping ~*~*~tactically~*~*~ (stealth).
 10102 | D:10     | Reached * piety under Okawaru
 10255 | D:10     | 10255 ||| Stepping ~*~*~tactically~*~*~ (stealth).
 10336 | D:11     | 10336 ||| Stepping ~*~*~tactically~*~*~ (hiding).
 10339 | D:11     | 10339 ||| INVOKING Heroism.
 10360 | D:11     | Found a staircase to the Lair.
 10431 | D:11     | 10431 ||| DRINKING 8 potions of curing.
 10431 | D:11     | 10431 ||| (to cure confusion)
 10497 | D:11     | 10497 ||| INVOKING Heroism.
 10505 | D:11     | Reached skill level 1 in Invocations
 10537 | D:11     | Noticed a boulder beetle
 10538 | D:11     | 10538 ||| INVOKING Heroism.
 10552 | D:11     | Killed a boulder beetle
 10715 | D:11     | Reached skill level 3 in Invocations
 10768 | D:11     | Noticed a skeletal warrior
 10769 | D:11     | 10769 ||| INVOKING Heroism.
 10771 | D:11     | Noticed a skeletal warrior
 10772 | D:11     | Noticed a skeletal warrior
 10781 | D:11     | Killed a skeletal warrior
 10783 | D:11     | HP: 10/89 [skeletal warrior/+1 mace of protection (20)]
 10784 | D:11     | 10784 ||| READING 3 scrolls of teleportation.
 10784 | D:11     | HP: 3/89 [skeletal warrior/+0 long sword (4)]
 10785 | D:11     | 10785 ||| DRINKING 2 potions of heal wounds.
 10786 | D:11     | Killed a skeletal warrior
 10786 | D:11     | Reached ** piety under Okawaru
 10787 | D:11     | Reached XP level 12. HP: 4/95 MP: 13/15
 10787 | D:11     | 10787 ||| DRINKING potion of heal wounds.
 10902 | D:11     | 10902 ||| INVOKING Heroism.
 11145 | D:11     | 11145 ||| Stepping ~*~*~tactically~*~*~ (hiding).
 11147 | D:11     | 11147 ||| Stepping ~*~*~tactically~*~*~ (hiding).
 11159 | D:11     | 11159 ||| Stepping ~*~*~tactically~*~*~ (stealth).
 11161 | D:11     | 11161 ||| Stepping ~*~*~tactically~*~*~ (hiding).
 11165 | D:11     | 11165 ||| INVOKING Heroism.
 11183 | D:11     | HP: 16/95 [skeletal warrior/+1 mace of protection (16)]
 11184 | D:11     | 11184 ||| READING 2 scrolls of teleportation.
 11188 | D:11     | HP: 4/95 [skeletal warrior/+1 mace of protection (9)]
 11190 | D:11     | 11190 ||| READING scroll of teleportation.
 11194 | D:11     | 11194 ||| INVOKING Heroism.
 11534 | D:11     | 11534 ||| INVOKING Heroism.
 11547 | D:11     | HP: 16/95 [fire elemental[the fiery vengeance of Ignis]
                  | (8)]
 11548 | D:11     | HP: 6/95 [fire elemental[the fiery vengeance of Ignis] (6)]
 11549 | D:11     | Slain by a fire elemental

Levels and vault maps discovered:
D:1:      wander_arrival_chamber, layout_rooms
D:2:      layout_rooms, basic_ecumenical_altar, serial_co_window_serial,
          co_window_paths_b, co_window_paths_b, co_window_paths_a,
          co_window_corner_a, co_window_corner_a, co_window_paths_a,
          co_window_corner_a, co_window_unsneaky_path_a,
          co_window_unsneaky_path_d, co_window_of_opportunity_c,
          co_window_of_opportunity_b, co_window_broadway_a, co_window_4corner_a,
          glass_columns_a, minmay_3d_cube
D:3:      layout_loops_ring, nicolae_elyvilon_peaceful_grove, serial_shops,
          shop_fountains, shop, shop, shop, minmay_rat_hole, uniq_grinder,
          uniq_robin
D:4:      layout_rooms, nicolae_tso_besieged_by_evil,
          mainiacjoe_overflow_alcove_4, lemuel_round_altar,
          chequers_temple_overflow_minitemple, serial_shops, shop,
          chequers_serial_rivers_micro_d, hex_intersection,
          hangedman_decor_growths
D:5:      layout_basic, minmay_temple_entry_butterflies, kennysheep_nub,
          uniq_menkaure
D:6:      layout_basic, serial_shops, shop, lightli_ossuary_entry_decrepit_ruins
D:7:      kennysheep_spiral_hall, layout_rooms, columned_hall_lemuel,
          nicolae_grassy_gnolls, uniq_pikel, uniq_joseph
D:8:      layout_cave_pools, nicolae_qazlal_style_of_elements,
          nicolae_hepliaklqana_hippocampus, uniq_amaemon
D:9:      layout_gridville, cheibriados_altar_1, serial_shops,
          nicolae_shop_window_shopping, minmay_holes, serial_bayou_lake_a
D:10:     nicolae_BIG_FREAKIN_CUBE, layout_cave_pools
D:11:     minmay_firetagon, layout_long_grid, lair_entry_dummy, serial_ice,
          serial_ice_l, serial_ice_f, serial_ice_b, serial_ice_h, serial_ice_m,
          serial_ice_e, portal_ice_cave_entry_animals_and_master,
          amcnicky_mini_corridor_feature
Temple:   hellmonk_temple_flake

Skill      XL: |  1  2  3  4  5  6  7  8  9 10 11 |
---------------+----------------------------------+-----
Axes           | 3 4 5 6 7 9 11 12 13 | 13.7
Dodging        | 1 2 |  2.5
Armour         | 1 2 4 6 7 |  7.0
Fighting       | 4 6 7 8 9 |  9.0
Shields        | 1 5 |  5.0
Invocations    | 4 |  4.0
Spellcasting   | |  1.0
Fire Magic     | |  2.6

Action                   |  1- 3 |  4- 6 |  7- 9 | 10-12 || total
-------------------------+-------+-------+-------+-------++-------
Melee: Hand axe          |    80 |   120 |    48 |       ||   248
       Tailslap          |       |     9 |    32 |    59 ||   100
       War axe           |       |       |   156 |   413 ||   569
       Punch             |       |       |       |     1 ||     1
Invok: Fiery Armour      |     1 |     3 |     2 |     7 ||    13
       Heroism           |       |       |       |     8 ||     8
  Use: Scroll            |     2 |     6 |    16 |     8 ||    32
       Potion            |     2 |     1 |     1 |     6 ||    10
Armor: Robe              |     2 |       |       |       ||     2
       Ring mail         |    10 |    37 |       |       ||    47
       Scale mail        |       |       |    86 |    34 ||   120
       Plate armour      |       |       |       |   149 ||   149
Dodge: Dodged            |    36 |    41 |    66 |    93 ||   236
Block: Other             |       |       |    28 |    18 ||    46
       Reflection        |       |       |     1 |     4 ||     5
       Buckler           |       |       |       |   121 ||   121

Table legend:
 A = Non-vault XP
 B = Vault XP
 C = Vault XP percentage of total XP
 D = Non-vault monster count
 E = Vault monster count
 F = Vault count percentage of total count
                 A         B        C        D         E       F
            +---------+---------+-------+---------+---------+-------
      Total |   18121 |    5187 |  22.3 |     255 |      98 |  27.8
            +---------+---------+-------+---------+---------+-------
        D:1 |      20 |       0 |   0.0 |      11 |       0 |   0.0
        D:2 |      99 |      17 |  14.7 |      29 |       3 |   9.4
        D:3 |      74 |     337 |  82.0 |      18 |      33 |  64.7
        D:4 |     339 |      20 |   5.6 |      23 |      11 |  32.4
        D:5 |     820 |     175 |  17.6 |      19 |       1 |   5.0
        D:6 |    2175 |     663 |  23.4 |      31 |       1 |   3.1
        D:7 |    1652 |    1073 |  39.4 |      33 |      10 |  23.3
        D:8 |    1138 |    1199 |  51.3 |      11 |       2 |  15.4
        D:9 |    4230 |       0 |   0.0 |      46 |       0 |   0.0
       D:10 |    3482 |       0 |   0.0 |      26 |       0 |   0.0
       D:11 |    4092 |     617 |  13.1 |       8 |      10 |  55.6
    Ossuary |       0 |    1086 | 100.0 |       0 |      27 | 100.0
            +---------+---------+-------+---------+---------+-------
